 Dungeon Crawl Stone Soup version 0.31.0-11-ge490571c62 (webtiles) character file.

Game seed: 8625883282182020557

64 SnakkuSnakku7 the Conjurer (level 4, -1/34 HPs)
             Began as a Merfolk Conjurer on Feb 1, 2024.
             Slain by Robin
             ... wielding a +0 club
              (3 damage)
             ... on level 2 of the Dungeon.
             The game lasted 00:03:09 (2274 turns).

SnakkuSnakku7 the Conjurer (Merfolk Conjurer)       Turns: 2274, Time: 00:03:09

Health: -1/34      AC:  3    Str:  9    XL:     4   Next: 12%
Magic:  1/7        EV: 12    Int: 17    God:
Gold:   159        SH:  0    Dex: 12    Spells: 6/7 levels left

rFire   + . .        l - +0 short sword
rCold   . . .        (no shield)
rNeg    . . .        s - +0 leather armour
rPois   .            (helmet currently unavailable)
rElec   .            (cloak currently unavailable)
rCorr   .            (gloves currently unavailable)
SInv    .            (boots currently unavailable)
Will    .....        n - amulet of the acrobat
Stlth   ++           q - ring of protection from fire
HPRegen 0.25/turn    (no ring)
MPRegen 0.10/turn

%: acrobat
@: mighty, beast-form, very slightly contaminated
A: beast (slay +1), (nimble swimmer 2), mertail
a: Begin Untransformation


You were on level 2 of the Dungeon.
You were a hulking beast.
You visited 1 branch of the dungeon, and saw 3 of its levels.

You collected 159 gold pieces.

Inventory:

Hand Weapons
 c - a +0 dagger
 l - a +0 short sword (weapon)
Armour
 a - a +0 robe
 r - a +0 plate armour
 s - a +0 leather armour (worn)
 t - a +0 pair of gloves
Jewellery
 h - a ring of fire
 n - an amulet of the acrobat (around neck)
 q - a ring of protection from fire (left hand)
Talismans
 i - a beast talisman (active)
Scrolls
 g - a scroll of brand weapon {unknown}
 m - a scroll of teleportation {unknown}
 o - a scroll of enchant weapon {unknown}
Potions
 b - a potion of magic
 d - a potion of curing {unknown}
 e - a potion of might
 f - a potion of enlightenment {unknown}
 j - a potion of resistance
 u - a potion of cancellation {unknown}


   Skills:
 - Level 2.4 Fighting
 - Level 2.6 Dodging
 - Level 2.1 Stealth
 - Level 2.0 Spellcasting
 - Level 3.2 Conjurations
 + Level 3.1 Shapeshifting


You had 6 spell levels left.
You knew the following spells:

 Your Spells              Type           Power      Damage    Failure   Level
a - Magic Dart            Conj           48%        1d5       7%          1

Your spell library contained the following spells:

 Spells                   Type           Power      Damage    Failure   Level
 Searing Ray              Conj           24%        2d5       11%         2
 Kiss of Death            Conj/Necr      28%        2d7       14%         1
 Confusing Touch          Hex            1%         N/A       63%         3
 Fulminant Prism          Conj/Alch      3%         3d5       80%         4
 Iskenderun's Mystic Bla  Conj/Tloc      7%         2d4       80%         4
 Dispel Undead            Necr           1%         3d6       95%         4


Dungeon Overview and Level Annotations

Branches:
Dungeon (3/15)

Altars:
Vehumet

Annotations:
D:2 Robin, Terence
D:3 Sigmund


Innate Abilities, Weirdness & Mutations

You are a hulking beast.
Your limbs bulge with bestial killing power. (Slay +1)
((You are very nimble when in or above water. (Stealth+, EV+, Speed+++)))
Your lower body shifts to a powerful aquatic tail in water.


Message History

Press: ? - help, Q - select action Shift-Dir - straight line, f/p - hobgoblin
Aim: a hobgoblin (strong, 100% to hit)
The magic dart hits the hobgoblin.
The hobgoblin is lightly wounded.
The hobgoblin hits you.
* * * LOW HITPOINT WARNING * * *
Aiming: Magic Dart (safe; 7% risk of failure)
Press: ? - help, Q - select action Shift-Dir - straight line, f/p - hobgoblin
Aim: a hobgoblin (lightly wounded, strong, 100% to hit)
You miscast Magic Dart.
Nothing appears to happen.
The hobgoblin closely misses you.
Unknown command.
Aiming: Magic Dart (safe; 7% risk of failure)
Press: ? - help, Q - select action Shift-Dir - straight line, f/p - hobgoblin
Aim: a hobgoblin (lightly wounded, strong, 100% to hit)
The magic dart hits the hobgoblin.
The hobgoblin is heavily wounded.
The hobgoblin hits you.
* * * LOW HITPOINT WARNING * * *
Aiming: Magic Dart (safe; 7% risk of failure)
Press: ? - help, Q - select action Shift-Dir - straight line, f/p - hobgoblin
Aim: a hobgoblin (heavily wounded, strong, 100% to hit)
The magic dart hits the hobgoblin.
You kill the hobgoblin!
Unknown command.
Aiming: Magic Dart (safe; 7% risk of failure)
Press: ? - help, Q - select action Shift-Dir - straight line, f - Robin
Aim: Robin, wielding a +0 club, wearing a +0 animal skin and wearing a +0 helmet (100% to hit)
You miscast Magic Dart.
Nothing appears to happen.
Robin completely misses you.
It was a potion of might.
You feel very mighty all of a sudden.
Robin's bangles clink loudly.
Robin hits you with a +0 club.
* * * LOW HITPOINT WARNING * * *
You puncture Robin!
Robin is almost dead.
Robin hits you with a +0 club.
You die...
Robin says, "And that's why I'm the boss."

#.......# #.#####.# #.# #.#
###########.#####.###
#......<............# ########
#.####...##.#####.#.#
.......###.###.....#.# #.#.#
.#####......###...##.#####.#.# .#
##...#.## ##h###.......#.#
.####.....## #g# #########.#
.##.......# #†# ##.####
.##.#.....# ##'## #.....#
.##.##...## ##...## #.....#
.##.##.### ##.....## ##....<#
.......## ##......)## ##......#
###.#...####.>.......####.......#
#................>.))..........


You could see Robin.

Vanquished Creatures
  An adder (D:3)
  9 endoplasms
  2 giant cockroaches
  12 goblins
  4 hobgoblins
  4 kobolds
  4 ball pythons
  4 bats
  A frilled lizard (D:2)
  9 rats
50 creatures vanquished.

Notes
Turn   | Place    | Note
-------+----------+-------------------------------------------
     0 | D:1      | SnakkuSnakku7 the Merfolk Conjurer began the quest for the
                  | Orb.
     0 | D:1      | Reached XP level 1. HP: 13/13 MP: 3/3
    43 | D:1      | Reached skill level 1 in Fighting
   161 | D:1      | Reached XP level 2. HP: 22/22 MP: 5/5
  1018 | D:2      | Reached skill level 1 in Shapeshifting
  1068 | D:2      | Reached XP level 3. HP: 25/28 MP: 6/6
  1640 | D:2      | Noticed Terence
  2072 | D:3      | Found a faded altar of an unknown god.
  2137 | D:3      | Found a radiant altar of Vehumet.
  2156 | D:3      | Noticed Sigmund
  2201 | D:3      | Noticed Robin
  2227 | D:2      | Reached XP level 4. HP: 34/34 MP: 7/7
  2274 | D:2      | Slain by Robin

Illustrated notes

Levels and vault maps discovered:
D:1:      shiori_arrival_oz, layout_loops_corners, serial_bayou_pond_d,
          nicolae_titane
D:2:      layout_loops_corners, chequers_garden, minmay_misc_feat_tower,
          uniq_terence
D:3:      layout_rooms, lemuel_round_altar,
          shapermc_ecumenical_altar_totnotflames,
          hangedman_decor_clover_reticule, kennysheep_generic_room_6,
          uniq_sigmund, uniq_robin, uniq_ijyb

Skill      XL: |  1  2  3  4 |
---------------+-------------+-----
Fighting       | 1 2 |  2.4
Shapeshifting  | 1 2 3 |  3.1
Dodging        | |  2.6
Stealth        | |  2.1
Spellcasting   | |  2.0
Conjurations   | |  3.2

Action                     |  1- 3 |  4- 6 || total
---------------------------+-------+-------++-------
  Melee: Dagger            |    72 |       ||    72
         Short sword       |    41 |    20 ||    61
         Punch             |     1 |       ||     1
   Cast: Magic Dart        |    17 |     3 ||    20
    Use: Scroll            |     2 |       ||     2
         Potion            |       |     1 ||     1
   Stab: Sleeping          |     5 |       ||     5
 Armour: Robe              |    42 |       ||    42
         Leather armour    |     8 |    18 ||    26
  Dodge: Dodged            |    78 |    26 ||   104
   Form: Beast             |     1 |       ||     1
